 Dungeon Crawl Stone Soup version 0.19-a0-811-gf4045fb (webtiles) character file.

33 Duffy the Ruffian (level 3, 0/21 HPs)
             Began as a Gargoyle Transmuter on June 28, 2016.
             Slain by a hobgoblin
             ... wielding a +0 club
              (3 damage)
             ... on level 2 of the Dungeon.
             The game lasted 00:00:37 (315 turns).

Duffy the Ruffian (Gargoyle Transmuter)              Turns: 315, Time: 00:00:37

Health: 0/21       AC:  8    Str: 14    XL:     3   Next: 29%
Magic:  6/6        EV: 10    Int: 13    God:
Gold:   7          SH:  0    Dex: 10    Spells: 1 memorised, 5 levels left

rFire  . . .     SeeInvis .       - Unarmed
rCold  . . .     Gourm    .     e - +0 ring mail
rNeg   + . .     Faith    .     (no shield)
rPois  ∞         Spirit   .     (no helmet)
rElec  +         Dismiss  .     (no cloak)
rCorr  .         Reflect  .     (no gloves)
SustAt .         Harm     .     (no boots)
MR     .....                    (no amulet)
Stlth  ..........               (no ring)
                                (no ring)

@: not resistant to hostile enchantments, extremely unstealthy
A: negative energy resistance 1, electricity resistance, unbreathing,
petrification resistance, rot immunity, AC +3
a: no special abilities


You were on level 2 of the Dungeon.
You were not hungry.

You visited 1 branch of the dungeon, and saw 2 of its levels.

You collected 7 gold pieces.


Innate Abilities, Weirdness & Mutations

You are resistant to torment.
Your stone body is resilient. (AC +3)
You are immune to poison.
You resist negative energy. (rN+)
You are resistant to electric shocks. (rElec)
You can survive without breathing.
You are immune to petrification.
You are immune to rotting.


   Skills:
 - Level 2.2 Fighting
 - Level 1.5 Dodging
 + Level 3.8 Unarmed Combat
 - Level 2.0 Spellcasting
 - Level 1.5 Transmutations


You had 5 spell levels left.
You knew the following spells:

 Your Spells              Type           Power        Failure   Level  Hunger
a - Beastly Appendage     Tmut           #.....       28%         1    ##.....

Inventory:

Missiles
 a - 12 arrows
 g - 16 poisoned needles
Armour
 e - a +0 ring mail (worn)
Scrolls
 f - a scroll of enchant armour {unknown}
Potions
 b - a potion of brilliance {unknown}
Books
 c - a book of Changes
Comestibles
 d - a bread ration

Dungeon Overview and Level Annotations

Branches:
Dungeon (2/15)

Altars:


Message History

The adder is severely wounded.
The hobgoblin hits you but does no damage.
The adder bites you but does no damage.
A giant newt, an adder and a hobgoblin come into view.
You hit the adder but do no damage.
The adder is severely wounded.
The adder closely misses you. The hobgoblin hits you with a club.
You hit the adder.
You kill the adder!
The hobgoblin barely misses you.
You hit the hobgoblin.
The hobgoblin is severely wounded.
You closely miss the hobgoblin.
The hobgoblin is severely wounded.
The hobgoblin barely misses you.
You hit the hobgoblin but do no damage.
The hobgoblin is heavily wounded.
The hobgoblin hits you but does no damage.
The giant newt bites you but does no damage.
You closely miss the hobgoblin.
The hobgoblin is heavily wounded.
The giant newt bites you but does no damage.
The hobgoblin hits you with a club.
You are too injured to fight recklessly!
You are too injured to fight recklessly!
You are too injured to fight recklessly!
You are too injured to fight recklessly!
You are too injured to fight recklessly!
You are too injured to fight recklessly!
You are too injured to fight recklessly!
You are too injured to fight recklessly!
You are too injured to fight recklessly!
You are too injured to fight recklessly!
You are too injured to fight recklessly!
You are too injured to fight recklessly!
You are too injured to fight recklessly!
You are too injured to fight recklessly!
You are too injured to fight recklessly!
You are too injured to fight recklessly!
You see here a short sword.
You see here a dagger.
You hit the giant newt.
You kill the giant newt!
You closely miss the hobgoblin.
The hobgoblin is heavily wounded.
The hobgoblin closely misses you.
You closely miss the hobgoblin.
The hobgoblin is heavily wounded.
The hobgoblin hits you with a club.
You die...

...#.##.........
................
#......%........
................
..........#####
..........#
......%..)#
.........g######
..........@....#
...............#
.####..........#
#......<...###
#............#
#............#
#............#
#.......)...<#
#............#


You could see a hobgoblin.

Action                   || total
-------------------------++-------
Melee: Unarmed           ||    72
Armor: Ring mail         ||    36
Dodge: Dodged            ||    45

Notes
Turn   | Place    | Note
--------------------------------------------------------------
     0 | D:1      | Duffy the Gargoyle Transmuter began the quest for the Orb.
     0 | D:1      | Reached XP level 1. HP: 12/12 MP: 3/3
    63 | D:1      | Reached XP level 2. HP: 17/17 MP: 5/5
   121 | D:2      | Reached skill level 2 in Fighting
   291 | D:2      | Reached XP level 3. HP: 18/21 MP: 6/6
   315 | D:2      | Slain by a hobgoblin

Skill      XL: |  1  2 |
---------------+-------+-----
Fighting       | 2 |  2.2
Dodging        | |  1.5
Unarmed Combat | |  3.8
Spellcasting   | |  2.0
Transmutations | |  1.5

Vault maps used:
D:1:      minmay_arrival_glassed_features
D:2:      marbit_many_paths, lemuel_doored_altar, uniq_robin

Vanquished Creatures
  2 adders
  2 dart slugs
  2 hobgoblins
  2 jackals
  A bat
  2 giant newts
  2 rats
13 creatures vanquished.
